 Dungeon Crawl Stone Soup version 0.29.1-15-g9cfb28693d (webtiles) character file.

Game seed: 11112380635865258841

65 Thatpatchoflichen the Slasher (level 4, 0/34 HPs)
             Began as a Human Gladiator on Feb 28, 2023.
             Slain by a gnoll
             ... wielding a +0 flail
              (9 damage)
             ... on level 2 of the Dungeon.
             The game lasted 00:03:14 (1942 turns).

Thatpatchoflichen the Slasher (Human Gladiator)     Turns: 1942, Time: 00:03:15

Health: 0/34       AC: 11    Str: 14    XL:     4   Next: 35%
Magic:  4/4        EV:  4    Int:  8    God:
Gold:   39         SH:  0    Dex: 17    Spells: 3/3 levels left

rFire   . . .      SeeInvis .   a - +0 long sword
rCold   . . .      Faith    .   (no shield)
rNeg    . . .      Spirit   .   o - +0 plate armour
rPois   .          Reflect  .   c - +0 helmet
rElec   .          Harm     .   (no cloak)
rCorr   .          Rampage  .   (no gloves)
Will    .....                   (no boots)
Stlth   ..........              (no amulet)
HPRegen 0.11/turn               h - ring of wizardry
MPRegen 0.09/turn               (no ring)

@: no status effects
A: no striking features
a: no special abilities


You were on level 2 of the Dungeon.
You visited 1 branch of the dungeon, and saw 2 of its levels.

You collected 39 gold pieces.

Inventory:

Hand Weapons
 a - a +0 long sword (weapon)
Missiles
 d - 3 throwing nets (quivered)
 e - a javelin
 g - 6 poisoned darts
Armour
 b - a +0 leather armour
 c - a +0 helmet (worn)
 n - a +0 ring mail
 o - a +0 plate armour (worn)
 q - a +0 hat
 u - a +2 tower shield
 v - a +1 leather armour of poison resistance
Jewellery
 h - a ring of wizardry (left hand)
Scrolls
 l - a scroll of fear {unknown}
 m - a scroll of immolation {unknown}
 p - 2 scrolls of identify {unknown}
 r - a scroll of noise {unknown}
 s - a scroll of poison {unknown}
 w - a scroll of blinking {unknown}
Potions
 f - 2 potions of mutation {unknown}
 i - a potion of magic {unknown}
 j - a potion of heal wounds {unknown}
 k - a potion of curing {unknown}
 t - a potion of degeneration {unknown}


   Skills:
 + Level 2.7 Fighting
 + Level 3.5 Long Blades
 - Level 2.0 Throwing
 * Level 1.6 Armour
 + Level 3.5 Dodging


You had 3 spell levels left.
You didn't know any spells.
Your spell library was empty.

Dungeon Overview and Level Annotations

Branches:
Dungeon (2/15)

Altars:


Message History

The gnoll moves out of view.
There are monsters nearby!
You closely miss the gnoll. The gnoll barely misses you.
You hit the gnoll.
The gnoll is moderately wounded.
The gnoll hits you with a +0 flail. The gnoll hits you but does no damage.
You hit the gnoll.
The gnoll is severely wounded.
You slash the gnoll!
The gnoll is severely wounded.
The gnoll hits you with a +0 flail! The gnoll hits you but does no damage.
You slash the gnoll!
You kill the gnoll!
The gnoll barely misses you.
You hit the gnoll but do no damage. The gnoll hits you with a +0 club.
The gnoll hits you with a +0 flail. The gnoll hits you but does no damage.
A ball python comes into view.
You barely miss the gnoll.
The gnoll is severely wounded.
The ball python bites you but does no damage.
The ball python grabs you. The ball python constricts you.
The gnoll hits you with a +0 flail. The ball python barely misses you.
The ball python constricts you.
The gnoll hits you but does no damage. x2
You hit the gnoll.
The gnoll is severely wounded.
The ball python bites you but does no damage.
The ball python constricts you. The gnoll hits you with a +0 flail.
The gnoll hits you with a +0 club.
You closely miss the ball python.
The ball python bites you but does no damage.
The ball python constricts you. The gnoll hits you with a +0 club.
* * * LOW HITPOINT WARNING * * *
The gnoll hits you but does no damage.
The ball python bites you but does no damage.
The ball python constricts you.
You slash the ball python!
You kill the ball python!
The gnoll hits you with a +0 flail!
You die...

..####### #......# .##
##....#.# .## #........
..# #........ #. ..#
#.......# #. ..#
######......# ..## ..#
#...........# ...
..####.###### #†#..#
........##....##@#..###.
..####..##.##..gg.......
.....†...#.#####.#.....#
.........#.#####.......#
.........#.......#.....#
..#####.......##)#.....#
........##.##.##.# #####
..#####.##....##.# ..###
#.##.##.##.#


You could see 2 gnolls.

Vanquished Creatures
  Robin (D:2)
  A gnoll (D:2)
  An adder (D:2)
  A worm (D:2)
  6 bats
  3 endoplasms (D:1)
  8 goblins (D:2)
  4 hobgoblins
  2 jackals (D:1)
  A quokka (D:2)
  2 ball pythons
  2 rats (D:2)
32 creatures vanquished.

Notes
Turn   | Place    | Note
-------+----------+-------------------------------------------
     0 | D:1      | Thatpatchoflichen the Human Gladiator began the quest for
                  | the Orb.
     0 | D:1      | Reached XP level 1. HP: 16/16 MP: 1/1
   302 | D:1      | Reached XP level 2. HP: 21/22 MP: 2/2
  1109 | D:2      | Reached skill level 1 in Armour
  1109 | D:2      | Reached XP level 3. HP: 27/28 MP: 3/3
  1322 | D:2      | Noticed Robin
  1346 | D:2      | Killed Robin
  1357 | D:2      | Reached XP level 4. HP: 13/34 MP: 4/4
  1942 | D:2      | Slain by a gnoll

Illustrated notes

Levels and vault maps discovered:
D:1:      minmay_arrival_loop, layout_basic
D:2:      layout_loops_cross, uniq_robin

Skill      XL: |  1  2 |
---------------+-------+-----
Armour         | 1 |  1.6
Fighting       | |  2.7
Long Blades    | |  3.5
Throwing       | |  2.0
Dodging        | |  3.5

Action                   |  1- 3 |  4- 6 || total
-------------------------+-------+-------++-------
Melee: Long sword        |    76 |    31 ||   107
Armor: Leather armour    |    33 |       ||    33
       Plate armour      |    49 |    33 ||    82
Dodge: Dodged            |    86 |    10 ||    96
